 Dungeon Crawl Stone Soup version 0.28-a0-1387-g3a22ab9bdc (webtiles) character file.

Game seed: 18024784537950584917

14 Deminshera the Ruffian (level 2, -1/26 HPs)
             Began as a Ghoul Monk on Jan 2, 2022.
             Slain by a kobold (4 damage)
             ... on level 1 of the Dungeon.
             The game lasted 00:00:23 (166 turns).

Deminshera the Ruffian (Ghoul Monk)                  Turns: 166, Time: 00:00:24

Health: -1/26      AC:  2    Str: 14    XL:     2   Next: 45%
Magic:  1/1        EV: 12    Int:  5    God:
Gold:   32         SH:  0    Dex: 11    Spells: 1/1 levels left

rFire   . . .      SeeInvis .     - Unarmed
rCold   + . .      Faith    .   (no shield)
rNeg    + + +      Spirit   .   a - +0 robe
rPois   ∞          Reflect  .   (no helmet)
rElec   .          Harm     .   (no cloak)
rCorr   .          Rampage  .   (no gloves)
Will    .....                   (no boots)
Stlth   ++........              (no amulet)
HPRegen 0.00/turn               (no ring)
MPRegen 0.07/turn               (no ring)

@: inhibited regen
A: claws 1, cold resistance 1, negative energy resistance 3, inhibited
regeneration, torment resistance 2
a: no special abilities


You were on level 1 of the Dungeon.
You visited 1 branch of the dungeon, and saw 1 of its levels.

You collected 32 gold pieces.

Inventory:

Armour
 a - a +0 robe (worn)
Scrolls
 b - a scroll of teleportation {unknown}


   Skills:
 + Level 3.4 Fighting
 + Level 2.8 Dodging
 + Level 2.5 Stealth
 * Level 3.6 Unarmed Combat


You had one spell level left.
You didn't know any spells.
Your spell library was empty.

Dungeon Overview and Level Annotations

Branches:
Dungeon (1/15)

Altars:


Innate Abilities, Weirdness & Mutations

You thrive by killing the living.
You are immune to poison.
You have sharp fingernails.
Your flesh is cold resistant. (rC+)
You are immune to negative energy. (rN+++)
You do not regenerate when monsters are visible.
You are immune to unholy pain and torment.


Message History

You scratch the rat.
You kill the rat!
You scratch the dart slug.
The dart slug is lightly wounded.
The dart slug launches a dart at you. The slug dart misses you.
You scratch the dart slug.
The dart slug is heavily wounded.
You scratch the dart slug.
The dart slug is severely wounded.
The dart slug launches a dart at you. The slug dart hits you.
You scratch the dart slug.
You kill the dart slug!
The kobold throws a stone.
The stone hits you but does no damage. The rat misses you.
The kobold misses you.
Things that are here:
a scroll labelled SIAT FATIONWO; a hobgoblin corpse You scratch the kobold.
The kobold is moderately wounded.
The rat bites you but does no damage. The kobold closely misses you.
You scratch the kobold.
The kobold is severely wounded.
The rat bites you.
* * * LOW HITPOINT WARNING * * *
An endoplasm comes into view.
The kobold barely misses you.
The endoplasm quivers.
You scratch the kobold but do no damage.
The kobold is severely wounded.
The rat closely misses you.
You closely miss the kobold.
The kobold is severely wounded.
The kobold hits you with a +0 whip.
* * * LOW HITPOINT WARNING * * *
The rat barely misses you.
You closely miss the kobold.
The kobold is severely wounded.
The kobold hits you with a +0 whip.
You die...

...... ... .. ....#. ..#
. ......#... .##
......... #..## ....
..##.#.#. #....#. #.#.
#.##.#...#....J.. #.#.
#.##.#...KrS....# #.#.
#.##.# #@# #.#.##.##.#
#.## #.
#.#....##.#.##..##....
###.##......#..........#
............####.#.....#
##.###...........####..#
...#.........##### .#
#..#.##.#....# # #..#.
#.#....#


You could see an endoplasm, a ball python, a kobold and a rat.

Vanquished Creatures
  A dart slug (D:1)
  A ball python (D:1)
  A bat (D:1)
  An endoplasm (D:1)
  3 hobgoblins (D:1)
  2 quokkas (D:1)
  A rat (D:1)
10 creatures vanquished.

Notes
Turn   | Place    | Note
-------+----------+-------------------------------------------
     0 | D:1      | Deminshera the Ghoul Monk began the quest for the Orb.
     0 | D:1      | Reached XP level 1. HP: 19/19 MP: 0/0
   127 | D:1      | Reached XP level 2. HP: 26/26 MP: 1/1
   166 | D:1      | Slain by a kobold

Illustrated notes

Levels and vault maps discovered:
D:1:      saegor_arrival_simple_c, layout_basic,
          hellmonk_ecumenical_altar_pennies_from_heaven, minmay_pentomino_w4

Action                   || total
-------------------------++-------
Melee: Unarmed           ||    27
 Stab: Sleeping          ||     2
Armor: Robe              ||     2
Dodge: Dodged            ||    16

Table legend: (Time is in decaauts)
 A = Elapsed time spent in this place.
 B = Non-inter-level travel time spent in this place.
 C = Inter-level travel time spent in this place.
 D = Time resting spent in this place.
 E = Time spent auto-exploring this place.
 F = Levels seen in this place.
 G = Mean time per level.
                   A        B        C        D        E       F      G
               +--------+--------+--------+--------+--------+-----+--------+
         Total |    163 |    163 |      0 |      0 |    111 |   1 |  163.0 |
       Dungeon |    163 |    163 |      0 |      0 |    111 |   1 |  163.0 |
               +--------+--------+--------+--------+--------+-----+--------+

Top non-repeatable levels by time:
     D:1: 163 daAuts
